 Dungeon Crawl Stone Soup version 0.31.0-12-g77e489cdc1 (webtiles) character file.

Game seed: 7552088672385843318

10665 spaghetti the Fighter (level 11, 0/181 HPs)
             Began as a Naga Chaos Knight on Mar 7, 2024.
             Was a Plaything of Xom.
             Slain by an orc
             ... wielding a +0 spear
              (3 damage)
             ... in a bailey.
             The game lasted 00:15:38 (9779 turns).

spaghetti the Fighter (Naga Chaos Knight)           Turns: 9779, Time: 00:15:39

Health: 0/181      AC:  9    Str: 32    XL:     11   Next: 65%
Magic:  10/11      EV:  9    Int: 14    God:    Xom [*.....]
Gold:   629        SH:  0    Dex: 10    Spells: 8/10 levels left

rFire   + + .        o - +10 broad axe of Gohixzoev {freeze, *Rage rPois rCorr Str+2}
rCold   . . .        (no shield)
rNeg    . . .        l - +2 leather armour {rF+}
rPois   +            (helmet restricted)
rElec   .            i - +1 cloak
rCorr   +            (no gloves)
SInv    +            (no barding)
Will    +....        k - amulet of faith Stlth
                     h - +6 ring of strength
HPRegen 0.50/turn    d - +6 ring of strength
MPRegen 0.12/turn

%: random rage (20%), faith
@: berserking, cleaving, quick
A: AC +3, large, see invisible, deformed body, poison resistance, slowness 2,
spit poison 1, naga tail 1, horns 1, stinger 1, fire resistance 1, mutation
resistance 1, sense surroundings 1
a: Spit Poison, Renounce Religion


You were in a bailey.
You worshipped Xom.
You were a special plaything of Xom.
You visited 1 branch of the dungeon, and saw 10 of its levels.
You also visited: Bailey.

You collected 629 gold pieces.

Inventory:

Hand Weapons
 a - a +0 spear of chaos
 o - the +10 broad axe of Gohixzoev (weapon) {freeze, *Rage rPois rCorr Str+2}
   (You found it on level 7 of the Dungeon)

   Str+2:     It affects your strength (+2).
   rPois:     It protects you from poison *Rage: It berserks you when you make
   melee attacks (+20% chance).
   rCorr:     It protects you from acid and corrosion.
Armour
 b - a +3 leather armour
 i - a +1 cloak (worn)
 l - a +2 leather armour of fire resistance (worn)
Magical Staves
 s - a staff of death
Jewellery
 d - a +6 ring of strength (right hand)
 h - a +6 ring of strength (left hand)
 k - an amulet of faith (around neck)
 w - a +4 ring of protection
 y - an amulet of magic regeneration
Wands
 j - a wand of light (1)
 v - a wand of polymorph (5)
 x - a wand of roots (9)
 B - a wand of charming (5)
Scrolls
 c - a scroll of butterflies
 e - a scroll of vulnerability
 f - 2 scrolls of poison
 g - a scroll of revelation
 m - 2 scrolls of teleportation
 q - a scroll of fog
 r - a scroll of brand weapon
 z - a scroll of amnesia
Potions
 n - a potion of curing
 p - a potion of might
 t - a potion of heal wounds
 u - 2 potions of ambrosia
 A - a potion of brilliance


   Skills:
 - Level 14.3 Fighting
 + Level 10.9(11.1) Axes
 - Level 3.0(7.6) Polearms
 - Level 1.5 Armour
 - Level 0.7 Dodging
 + Level 2.4 Translocations


You had 8 spell levels left.
You knew the following spells:

 Your Spells              Type           Power      Damage    Failure   Level
a - Blink                 Tloc           12%        N/A       19%         2

Your spell library contained the following spells:

 Spells                   Type           Power      Damage    Failure   Level
 Lesser Beckoning         Tloc           12%        N/A       19%         2
 Momentum Strike          Conj/Tloc      6%         3d8       30%         2
 Sandblast                Erth           0%         2d4       32%         1
 Slow                     Hex            0%         N/A       32%         1
 Sting                    Conj/Alch      0%         1d3       32%         1
 Gell's Gravitas          Tloc           6%         N/A       34%         3
 Teleport Other           Tloc           6%         N/A       34%         3
 Ensorcelled Hibernation  Hex/Ice        0%         N/A       43%         2
 Mercury Vapours          Alch/Air       0%         N/A       43%         2
 Volatile Blastmotes      Fire/Tloc      6%         2d10      52%         3
 Stone Arrow              Conj/Erth      0%         3d7       67%         3
 Swiftness                Air            0%         N/A       67%         3
 Iskenderun's Mystic Bla  Conj/Tloc      3%         2d3       89%         4
 Fulminant Prism          Conj/Alch      0%         3d5       97%         4
 Ignite Poison            Fire/Alch      0%         N/A       97%         4
 Olgreb's Toxic Radiance  Alch           0%         N/A       97%         4
 Sticky Flame             Fire/Alch      0%         2d4       97%         4
 Dispersal                Tloc           3%         N/A       100%        6
 Orb of Destruction       Conj           0%         9d5       100%        7
 Ignition                 Fire           0%         3d3       100%        8
 Fire Storm               Conj/Fire      0%         5d1       100%        9


Dungeon Overview and Level Annotations

Branches:
Dungeon (10/15)            Temple (0/1) D:4            Lair (0/5) D:8
    Orc (0/2) D:9          Bailey (1/1)

Altars:
Elyvilon
Gozag
Hepliaklqana
Sif Muna
Trog
Yredelemnul

Shops:
D:1 ?   D:4 *


Innate Abilities, Weirdness & Mutations

Your serpentine skin is tough. (AC +3)
You have supernaturally acute eyesight. (SInv)
Armour fits poorly on your strangely shaped body.
Your system is resistant to poisons. (rPois)
You cover ground very slowly.
You can spit poison.
You have a snake-like lower body.
You have a pair of small horns on your head.
Your tail ends in a venomous barb.
Your flesh is heat resistant. (rF+)
You are somewhat resistant to further mutation.
You passively map a small area around you.


Message History

The orc hits you from afar with a +0 trident.
* * * LOW HITPOINT WARNING * * *
The orc closely misses you. The orc warrior barely misses you.
The orc hits you but does no damage.
Unknown command.
You barely miss the orc warrior.
The orc warrior is severely wounded.
The orc barely misses you. x2; The orc warrior barely misses you.
The orc misses you.
Unknown command.
Unknown command.
A red film seems to cover your vision as you go berserk!
You feel yourself moving faster!
You feel mighty!
You closely miss the orc warrior. Your headbutt misses the orc warrior.
The orc warrior is severely wounded.
The orc barely misses you. The orc hits you but does no damage.
The orc warrior hits you with a +0 glaive of chaos.
* * * LOW HITPOINT WARNING * * *
The orc warrior draws strength from your wounds!
The orc hits you from afar with a +0 trident!
* * * LOW HITPOINT WARNING * * *
Xom thinks this is hilarious!
Unknown command.
You slice the orc warrior!! You freeze the orc warrior.
You kill the orc warrior!
The orc misses you.
The orc hits you from afar with a +0 trident.
* * * LOW HITPOINT WARNING * * *
The orc hits you but does no damage. The orc barely misses you.
Unknown command.
Unknown command.
You slice the orc!! You freeze the orc.
You kill the orc!
You slash the orc! You freeze the orc.
You kill the orc!
Unknown command.
Unknown command.
The orc hits you but does no damage. The orc hits you with a +0 spear.
You die... "Boring in life, boring in death..."

###'###
##.....##
#.......#
#......o#
#.....oo#
#o.#.#.o#
#o##8##o#
#..#.#).#
#.)@o...#
#..oo...#
#∩.....∩#
#.......#
##..∩..##
#######


You could see 5 orcs.

Vanquished Creatures
  Erolcha (D:9)
  A two-headed ogre (D:7)
  2 deep elf pyromancers (D:7)
  4 kobold demonologists (D:7)
  A hornet (D:7)
  A shadow (D:9)
  A wraith (D:7)
  A vampire (D:7)
  4 yaks
  2 wyverns
  2 basilisks (D:8)
  Grum (D:9)
  2 steam dragons
  2 acid dragons
  3 water moccasins
  A swamp drake (D:9)
  2 sky beasts
  4 orc warriors
  An ice beast (D:5)
  2 wolves (D:9)
  2 centaurs
  6 phantoms (D:7)
  2 kobold brigands (D:9)
  3 bullfrogs (D:8)
  2 scorpions (D:7)
  A gnoll sergeant (D:9)
  9 wights
  6 killer bees (D:9)
  A howler monkey (D:7)
  A bombardier beetle (D:4)
  A centaur zombie (D:7)
  4 hounds
  3 orc priests (D:9)
  4 scorpion zombies (D:7)
  6 sleepcaps (D:7)
  An iguana (D:4)
  10 orc wizards
  3 killer bee zombies (D:7)
  11 gnolls
  An adder (D:4)
  7 shadow imps
  A white imp (D:7)
  2 ufetubi (D:7)
  5 ribbon worms
  A dart slug (D:2)
  45 orcs
  6 ball pythons
  3 bats
  13 endoplasms
  2 giant cockroaches
  4 hobgoblins
  7 jackals
  23 kobolds
  5 quokkas
  4 frilled lizards
  9 goblins
  3 rats
255 creatures vanquished.

Vanquished Creatures (collateral kills)
  2 kobold demonologists (D:7)
  2 black bears (D:7)
  A phantom (D:7)
  2 scorpions (D:7)
  A hound (D:7)
  A killer bee zombie (D:7)
  2 gnolls (D:7)
  A shadow imp (D:7)
  An orc (D:7)
  A giant cockroach (D:4)
14 creatures vanquished.

Vanquished Creatures (others)
  Eustachio (D:4)
  2 kobolds (D:9)
3 creatures vanquished.

Grand Total: 272 creatures vanquished

Notes
Turn   | Place    | Note
-------+----------+-------------------------------------------
     0 | D:1      | spaghetti the Naga Chaos Knight began the quest for the
                  | Orb.
     0 | D:1      | Reached XP level 1. HP: 21/21 MP: 1/1
    54 | D:1      | XOM: potion effect (haste)
    73 | D:1      | Reached XP level 2. HP: 28/28 MP: 2/2
    93 | D:1      | XOM: silly message
    95 | D:1      | XOM: smoke on damage
   216 | D:1      | Reached skill level 4 in Fighting
   255 | D:1      | Found Seschas's Magic Scroll Shoppe.
   317 | D:1      | Reached XP level 3. HP: 28/36 MP: 3/3
   384 | D:1      | XOM: noise
   426 | D:1      | XOM: divination: magic mapping
   716 | D:1      | XOM: silly message
  1018 | D:2      | XOM: fog
  1171 | D:2      | You fall into a shaft and drop 1 floor!
  1314 | D:2      | XOM: confuse monster(s)
  1315 | D:2      | Reached XP level 4. HP: 7/45 MP: 4/4
  1627 | D:2      | XOM: give mutations
  1627 | D:2      | Gained mutation: You are somewhat resistant to further
                  | mutation. [Xom's mischief]
  1627 | D:2      | Gained mutation: Your movements are slightly less
                  | encumbered by armour. (ER -2) [Xom's mischief]
  1641 | D:3      | Found a white marble altar of Elyvilon.
  1665 | D:3      | Reached skill level 5 in Fighting
  1755 | D:3      | Found a faded altar of an unknown god.
  1771 | D:3      | Reached XP level 5. HP: 54/54 MP: 5/5
  1809 | D:3      | Found a bloodstained altar of Trog.
  2272 | D:4      | XOM: confusion
  2290 | D:4      | Reached skill level 6 in Fighting
  2506 | D:4      | Found a basalt altar of Yredelemnul.
  2557 | D:4      | Reached XP level 6. HP: 55/63 MP: 6/6
  2627 | D:4      | Noticed Eustachio
  2637 | D:4      | XOM: draining
  2640 | D:4      | XOM: swap monsters
  2677 | D:4      | XOM: destruction
  2677 | D:4      | Killed Eustachio
  2678 | D:4      | Reached skill level 7 in Fighting
  2997 | D:4      | Found a staircase to the Ecumenical Temple.
  3211 | D:4      | Found an opulent altar of Gozag.
  3215 | D:4      | Found Gozag's Platinum Reserve.
  3374 | D:4      | XOM: summons 4 hostile shadow creatures
  3379 | D:4      | XOM: smoke on damage
  3754 | D:4      | XOM: summons 3 hostile shadow creatures
  3818 | D:5      | Entered Level 5 of the Dungeon
  3827 | D:5      | Reached XP level 7. HP: 72/73 MP: 7/7
  3848 | D:5      | XOM: 1-stop teleportation journey
  3861 | D:5      | Reached skill level 8 in Fighting
  3955 | D:5      | XOM: chaos cloud
  4114 | D:5      | XOM: summons 1 hostile shadow creature
  4129 | D:5      | XOM: summons 4 hostile demons
  4374 | D:5      | XOM: cloud trail
  4434 | D:5      | XOM: silly message
  4605 | D:5      | XOM: draining
  4655 | D:6      | XOM: give mutations
  4655 | D:6      | Gained mutation: You have a pair of small horns on your
                  | head. [Xom's mischief]
  4655 | D:6      | Gained mutation: You are frail. (-10% HP) [Xom's mischief]
  4751 | D:6      | XOM: chaos upgrade
  4788 | D:7      | XOM: god gift: staff of death
  4824 | D:7      | Reached skill level 9 in Fighting
  4894 | D:7      | XOM: potion effect (attraction)
  4896 | D:7      | XOM: scenery: 1 doors open
  4901 | D:7      | Reached XP level 8. HP: 60/74 MP: 8/8
  4901 | D:7      | XOM: cleaving
  4979 | D:7      | XOM: god gift: 50 gold pieces
  5285 | D:7      | XOM: scenery: summon butterflies
  5286 | D:7      | Reached skill level 10 in Fighting
  5336 | D:7      | Reached skill level 11 in Fighting
  5350 | D:7      | Reached XP level 9. HP: 87/87 MP: 9/9
  5359 | D:7      | Noticed a deep elf pyromancer
  5360 | D:7      | XOM: destruction
  5360 | D:7      | Noticed a kobold demonologist
  5361 | D:7      | XOM: divination: detect items
  5361 | D:7      | Noticed a kobold demonologist
  5361 | D:7      | Noticed a kobold demonologist
  5367 | D:7      | XOM: polymorph shadow imp -> ufetubus
  5368 | D:7      | XOM: cast spell 'Summon Ice Beast'
  5370 | D:7      | Killed a kobold demonologist
  5371 | D:7      | Reached skill level 12 in Fighting
  5386 | D:7      | Lost mutation: Your movements are slightly less encumbered
                  | by armour. (ER -2) [potion of mutation]
  5386 | D:7      | Lost mutation: You are frail. (-10% HP) [potion of
                  | mutation]
  5386 | D:7      | Gained mutation: You passively map a small area around you.
                  | [potion of mutation]
  5386 | D:7      | Gained mutation: Your tail ends in a venomous barb. [potion
                  | of mutation]
  5386 | D:7      | Killed a kobold demonologist
  5388 | D:7      | Killed a deep elf pyromancer
  5394 | D:7      | Killed a kobold demonologist
  5395 | D:7      | Reached skill level 13 in Fighting
  5557 | D:7      | XOM: 5-stop teleportation journey
  5568 | D:7      | XOM: blink monster(s)
  5570 | D:7      | XOM: potion effect (brilliance)
  5757 | D:7      | XOM: enchant monster (bad)
  5768 | D:7      | XOM: potion effect (invisibility)
  5773 | D:7      | XOM: divination: magic mapping
  5775 | D:7      | XOM: confuse monster(s)
  5859 | D:7      | XOM: silly message
  5995 | D:7      | XOM: divination: detect items
  5997 | D:7      | Reached XP level 10. HP: 95/111 MP: 10/10
  6006 | D:7      | Reached skill level 14 in Fighting
  6196 | D:7      | XOM: enchant monster (bad)
  6210 | D:7      | XOM: give mutation
  6210 | D:7      | Gained mutation: Your flesh is heat resistant. (rF+) [Xom's
                  | mischief]
  6214 | D:7      | XOM: cast spell 'Summon Cactus Giant'
  6436 | D:7      | Identified the +10 broad axe of Gohixzoev {freeze, *Rage
                  | rPois rCorr Str+2}
  6438 | D:7      | Identified the +4 short sword of Honour {drain, rN+ Str+4
                  | Dex-2}
  6483 | D:7      | XOM: cleaving
  6526 | D:7      | Reached skill level 1 in Axes
  6615 | D:7      | Noticed a kobold demonologist
  6618 | D:7      | Killed a kobold demonologist
  6627 | D:7      | Found a shimmering blue altar of Sif Muna.
  6629 | D:7      | XOM: 4-stop teleportation journey
  6630 | D:7      | Noticed a two-headed ogre
  6635 | D:7      | Killed a two-headed ogre
  6677 | D:7      | Reached skill level 5 in Axes
  6798 | D:7      | XOM: torment (57/114 hp)
  6948 | D:7      | XOM: silly message
  7125 | D:7      | Got the Almanac of the Jinx and Blasting
  7134 | D:7      | Got the Precepts of Lofty Oxidation
  7400 | D:7      | Noticed a deep elf pyromancer
  7400 | D:7      | XOM: summons 8 friendly demons
  7405 | D:7      | Killed a deep elf pyromancer
  7457 | D:7      | Noticed a kobold demonologist
  7460 | D:7      | Killed a kobold demonologist
  7467 | D:7      | Got Icwuapn's Excursus on Orogeny
  7476 | D:7      | Noticed a kobold demonologist
  7480 | D:7      | Killed a kobold demonologist
  7720 | D:8      | Reached XP level 11. HP: 113/121 MP: 11/11
  7828 | D:8      | XOM: silly message
  7873 | D:8      | Found a staircase to the Lair.
  7974 | D:8      | XOM: silly message
  7980 | D:8      | XOM: silly message
  8002 | D:8      | Found a hazy altar of Hepliaklqana.
  8020 | D:8      | XOM: silly message
  8338 | D:9      | Noticed Grum
  8343 | D:9      | XOM: confuse monster(s)
  8345 | D:9      | XOM: cast spell 'Dispersal'
  8346 | D:9      | Killed Grum
  8352 | D:9      | XOM: destruction
  8761 | D:9      | XOM: 2-stop teleportation journey
  8765 | D:9      | Reached skill level 10 in Axes
  8869 | D:9      | Learned a level 2 spell: Blink
  8871 | D:9      | Found a staircase to the Orcish Mines.
  8871 | D:9      | XOM: 1-stop teleportation journey
  9045 | D:9      | XOM: silly message
  9108 | D:9      | XOM: swap monsters
  9173 | D:9      | Noticed Erolcha
  9180 | D:9      | Killed Erolcha
  9181 | D:9      | Reached skill level 1 in Translocations
  9225 | D:9      | XOM: summons 4 hostile shadow creatures
  9726 | D:10     | Entered Level 10 of the Dungeon
  9727 | D:10     | XOM: summons 1 hostile demon
  9731 | D:10     | XOM: summons friendly white imp
  9733 | D:10     | XOM: enchant monster (good)
  9735 | D:10     | XOM: summons 9 friendly demons
  9738 | D:10     | Found a flagged portal.
  9745 | Bailey   | Entered a bailey
  9762 | Bailey   | XOM: chaos upgrade
  9763 | Bailey   | XOM: cleaving
  9776 | Bailey   | HP: 4/181 [orc/+0 trident (8)]
  9779 | Bailey   | Slain by an orc

Illustrated notes

Levels and vault maps discovered:
D:1:      dpeg_arrival_tiny_h, layout_basic, serial_shops, shop
D:2:      layout_basic, grunt_ministairs_3
D:3:      layout_loops_ring, mainiacjoe_overflow_24_doors,
          nicolae_overflow_crystal_walls, serial_aquarium,
          aquarium_bridge_square [aquarium_subvault_wall,
          aquarium_subvault_bridge, aquarium_subvault_bridge,
          aquarium_subvault_bridge], aquarium_window_3, aquarium_window_corner,
          aquarium_window_fake, aquarium_view_2c, aquarium_balcony_double_4,
          aquarium_pool_1, hellmonk_ecumenical_altar_run_dry
D:4:      layout_basic, nicolae_gozag_zags_fifth_avenue,
          yredelemnul_altar_generic, temple_doors_ab,
          chequers_serial_rivers_small_3, minmay_ruptured, uniq_eustachio
D:5:      layout_rooms
D:6:      layout_basic, mainiacjoe_overflow_boulevard,
          serial_library_regret_index_double_sided
D:7:      bobbens_index_wilting_gardens, layout_basic, serial_library,
          serial_library_hellmonk_hallway_b,
          serial_library_hellmonk_open_square,
          serial_library_regret_index_headful,
          serial_library_hellmonk_metal_room, serial_library_hellmonk_junction,
          serial_library_hellmonk_narrow_alcove,
          serial_library_hellmonk_hallway_b, dreamdust_gnoll_farm
D:8:      layout_basic, overflow_temple_1_default, david_lair_generic
D:9:      layout_basic, erik_orc_1, chequers_garden, uniq_erolcha, uniq_grum
D:10:     layout_basic, kennysheep_mini_moat, marbit_many_paths,
          nicolae_overflow_squiral, enter_bailey_3
Bailey:   bailey_polearm_5, bailey

Skill      XL: |  1  2  3  4  5  6  7  8  9 10 11 |
---------------+----------------------------------+-----
Fighting       | 4 5 6 7 9 11 13 14 | 14.3
Axes           | 7 10 | 10.9
Translocations | 2 |  2.4
Polearms       | |  3.0
Armour         | |  1.5
Dodging        | |  0.7

Action                     |  1- 3 |  4- 6 |  7- 9 | 10-12 || total
---------------------------+-------+-------+-------+-------++-------
  Melee: Spear             |   116 |   191 |   331 |    52 ||   690
         Headbutt          |       |       |    43 |    36 ||    79
         Punch             |       |       |     6 |       ||     6
         Broad axe         |       |       |       |   153 ||   153
Ability: Spit Poison       |    19 |    25 |    14 |    24 ||    82
  Evoke: Wand              |       |       |     7 |       ||     7
    Use: Scroll            |     4 |     3 |     4 |     2 ||    13
         Potion            |     2 |     2 |     4 |     2 ||    10
   Stab: Sleeping          |     1 |     1 |       |     1 ||     3
         Confused          |       |     1 |     2 |       ||     3
         Paralysed         |       |     1 |     1 |       ||     2
         Distracted        |       |     1 |       |       ||     1
         Petrified         |       |       |     6 |       ||     6
         Invisible         |       |       |     2 |       ||     2
 Armour: Leather armour    |    60 |   174 |   324 |   210 ||   768
  Dodge: Dodged            |    30 |   118 |   200 |   118 ||   466
